 Dungeon Crawl Stone Soup version 0.31-a0-841-g038b102fc3 (webtiles) character file.

Game seed: 9722601836469782037

5084 quinnr the Tainter (level 10, -2/60 HPs)
             Began as a Tengu Venom Mage on Sept 27, 2023.
             Was a Follower of Vehumet.
             Slain by an efreet
             ... wielding a +2 scimitar of flaming
              (4 damage)
             ... on level 8 of the Dungeon on Sept 28, 2023.
             The game lasted 00:22:44 (7464 turns).

quinnr the Tainter (Tengu Venom Mage)               Turns: 7464, Time: 00:22:45

Health: -2/60      AC:  5    Str:  8    XL:     10   Next: 57%
Magic:  10/20      EV: 19    Int: 26    God:    Vehumet [*.....]
Gold:   466        SH:  0    Dex: 20    Spells: 11/21 levels left

rFire   . . .        v - +7 whip of Mandamus {flame, rC++ Int+5}
rCold   + + .        (no shield)
rNeg    . . .        o - +1 leather armour {rPois}
rPois   +            (helmet restricted)
rElec   .            (no cloak)
rCorr   .            p - +0 pair of gloves
SInv    .            (boots unavailable)
Will    .....        (no amulet)
Stlth   +++          D - +6 ring of dexterity
HPRegen 0.30/turn    (no ring)
MPRegen 0.17/turn

%: acrobat
@: about to teleport, flying, slowed, very slow
A: beak, talons 3, evasive flight, acrobatic
a: Renounce Religion


You were on level 8 of the Dungeon.
You worshipped Vehumet.
Vehumet was aware of your devotion.
You visited 2 branches of the dungeon, and saw 9 of its levels.

You collected 466 gold pieces.


Innate Abilities, Weirdness & Mutations

You have a beak for a mouth.
You have claws for feet.
Your magical flight helps you evade attacks. (EV +4)
You can magically evade attacks while moving or waiting.


   Skills:
 - Level 6.0 Fighting
 - Level 1.0 Armour
 + Level 6.8 Dodging
 - Level 5.0 Stealth
 - Level 6.0 Spellcasting
 - Level 4.0 Conjurations
 - Level 0.9 Transmutations
 - Level 2.0 Air Magic
 + Level 9.7 Poison Magic
 - Level 2.0 Evocations


You had 11 spell levels left.
You knew the following spells:

 Your Spells              Type           Power      Damage    Failure   Level
m - Mephitic Cloud        Conj/Pois/Air  35%        N/A       3%          3
o - Olgreb's Toxic Radia  Pois           56%        N/A       1%          4
p - Poisonous Vapours     Pois/Air       76%        N/A       1%          2
z - Sting                 Tmut/Pois      100%       1d8       1%          1

Your spell library contained the following spells:

 Spells                   Type           Power      Damage    Failure   Level
 Static Discharge         Conj/Air       46%        2-4/arc   4%          2
 Freeze                   Ice            28%        1d5       10%         1
 Hailstorm                Conj/Ice       18%        3d6       13%         3
 Frozen Ramparts          Ice            14%        1d3       28%         3
 Tukima's Dance           Hex            7%         N/A       28%         3
 Passage of Golubria      Tloc           7%         N/A       67%         4
 Yara's Violent Unravell  Hex/Tmut       5%         3d4       92%         5

Inventory:

Hand Weapons
 k - a +0 dagger of venom
 v - the +7 whip of Mandamus (weapon) {flame, rC++ Int+5}
   (You found it on level 7 of the Dungeon)

   Int+5:     It affects your intelligence (+5).
   rC++:      It greatly protects you from cold.
 w - a +1 dagger of speed
Armour
 a - a +0 robe
 o - a +1 leather armour of poison resistance (worn)
 p - a +0 pair of gloves (worn)
Jewellery
 D - a +6 ring of dexterity (left hand)
Wands
 d - a wand of flame (4)
 h - a wand of mindburst (2)
 i - a wand of quicksilver (17)
 m - a wand of iceblast (3)
 u - a wand of digging (6)
Scrolls
 c - 2 scrolls of butterflies {unknown}
 e - 3 scrolls of fear {unknown}
 f - a scroll of noise
 j - a scroll of teleportation {@r2}
 l - 2 scrolls of revelation
 n - 4 scrolls of immolation {unknown}
 q - a scroll of brand weapon
 s - a scroll of silence {!r}
 x - a scroll of poison
 y - 2 scrolls of enchant weapon {unknown}
Potions
 b - 2 potions of magic
 g - a potion of mutation
 r - a potion of lignification
 t - 2 potions of curing {@q1}
 A - a potion of haste {@q3}

Dungeon Overview and Level Annotations

Branches:
Dungeon (8/15)             Temple (1/1) D:6
   Lair: D:8-11

Altars:
Ashenzari
Cheibriados
Dithmenos
Elyvilon
Fedhas
Hepliaklqana
Kikubaaqudgha
Makhleb
Nemelex Xobeh
Okawaru
Qazlal
Sif Muna
Trog
Uskayaw
Vehumet
Wu Jian
Xom
Yredelemnul
Zin
The Shining One

Shops:
D:4 :

Annotations:
D:2 Jessica
D:4 exclusion: downstairs, Duvessa
D:5 exclusion: steam dragon

. ▒▒☼.▒..▒▒▒..▒.▒..▒▒.[.# ##.
▒▒▒.°...▒▒▒..▒▒▒▒▒..▒▒).#
...▒▒.....▒▒▒▒..▒▒▒.▒.▒..▒.÷#
..▒▒..▒....▒▒..▒▒▒...▒▒▒.▒..#
.▒▒..▒▒..▒..▒.▒.▒..⌠..▒.▒)..#
.▒..▒▒▒..▒▒..°.▒▒▒...▒▒▒)▒..#
.▒.....▒.▒▒▒.†°.▒▒▒.▒▒▒).▒..#
.▒.[..▒▒▒.....▒R.▒▒▒▒▒).▒▒..#
.▒.▒▒▒.▒(....▒▒▒@.▒.▒..▒▒..>#
.▒..▒▒..▒▒▒..▒ ▒▒..▒..▒▒ ...#
.▒▒..▒..▒▒..▒▒ ▒▒▒▒▒▒▒ #..#
..▒▒....▒..▒▒ ...#
...▒▒.....▒▒ .#
.#..▒▒▒▒▒▒▒..# .##.........#
.######.##### .# #....######


You could see an efreet.


Message History

Vehumet offers you knowledge of Static Discharge.
You feel your power returning.
The bolt of dispelling energy hits the efreet!
The efreet is moderately wounded.
The efreet gestures at you.
The fireball explodes!
The fireball engulfs you!!
* * * LOW HITPOINT WARNING * * *
Unknown command.
Unknown command.
Unknown command.
Okay, then.
Okay, then.
Press: ? - help, v - describe, . - travel
Here: an efreet, wielding a +2 scimitar of flaming (moderately wounded)
The floor.
Unknown command.
Okay, then.
Okay, then.
Unknown command.
Unknown command.
You feel much better. The efreet misses you.
As you read the scroll of teleportation {@r2}, it crumbles to dust.
You feel strangely unstable. The efreet gestures at you.
The fireball explodes!
The fireball engulfs you!!
Ouch! That really hurt!
* * * LOW HITPOINT WARNING * * *
The fireball engulfs the efreet.
The efreet completely resists.
The efreet hits you with a +2 scimitar of flaming.
You die...

Skill      XL: |  1  2  3  4  5  6  7  8  9 10 |
---------------+-------------------------------+-----
Air Magic      | 1 2 |  2.0
Conjurations   | 2 4 |  4.0
Poison Magic   | 4 5 7 9 |  9.7
Evocations     | 1 2 |  2.0
Fighting       | 1 5 6 |  6.0
Dodging        | 3 5 6 |  6.8
Spellcasting   | 3 5 6 |  6.0
Stealth        | 5 |  5.0
Armour         | 1 |  1.0
Transmutations | |  0.9

Action                     |  1- 3 |  4- 6 |  7- 9 | 10-12 || total
---------------------------+-------+-------+-------+-------++-------
  Melee: Unarmed           |    10 |       |       |       ||    10
         Kick              |     9 |     8 |    19 |    10 ||    46
         Dagger            |    12 |    32 |    30 |       ||    74
         Peck              |     3 |     5 |     6 |       ||    14
         Punch             |       |       |     2 |       ||     2
         Whip              |       |       |    21 |    22 ||    43
   Cast: Sting             |    46 |    10 |    20 |     1 ||    77
         Poisonous Vapours |    23 |    46 |    77 |    22 ||   168
         Olgreb's Toxic Ra |       |       |     9 |       ||     9
         Mephitic Cloud    |       |       |     4 |     5 ||     9
  Evoke: Wand              |       |     2 |    17 |     7 ||    26
    Use: Potion            |       |       |     3 |     1 ||     4
         Scroll            |       |       |     9 |     1 ||    10
   Stab: Confused          |       |       |     2 |       ||     2
 Armour: Robe              |    18 |       |       |       ||    18
         Leather armour    |       |    23 |    26 |    17 ||    66
         Skin              |       |       |    13 |       ||    13
  Dodge: Dodged            |    28 |    40 |    88 |    22 ||   178

Levels and vault maps discovered:
D:1:      amcnicky_arrival_choice, layout_rooms,
          hellmonk_ecumenical_altar_arch_garden
D:2:      layout_basic, basic_altar, minmay_increasing_density,
          uniq_crazy_yiuf_cottage, uniq_jessica
D:3:      layout_basic, lemuel_doored_altar
D:4:      dreamdust_elfheim, layout_cave_pools, okawaru_trees_2,
          nicolae_shop_vocational, uniq_robin
D:5:      kennysheep_steamy, layout_basic
D:6:      layout_loops_ring, grunt_ashenzari_visionary
          [grunt_ashenzari_visionary_swamp, grunt_ashenzari_visionary_snake],
          minmay_temple_entry_poolview, uniq_blork_the_orc
D:7:      layout_cave_pools, nemelex_xobeh_ov_fountains_minmay,
          grunt_temple_overflow_open, nicolae_uskayaw_en_pointe, uniq_menkaure
D:8:      minmay_the_grid_octo_triangle [minmay_the_grid_octo_pinwheel,
          minmay_the_grid_octo_prize_big_c, minmay_the_grid_octo_fat_diamond],
          layout_loops_ring, mainiacjoe_overflow_small_starburst
Temple:   hellmonk_temple_divided_pantheon

Notes
Turn   | Place    | Note
-------+----------+-------------------------------------------
     0 | D:1      | quinnr the Tengu Venom Mage began the quest for the Orb.
     0 | D:1      | Reached XP level 1. HP: 10/10 MP: 4/4
   189 | D:2      | Reached XP level 2. HP: 9/15 MP: 0/6
   511 | D:2      | Found a blossoming altar of Fedhas.
   589 | D:2      | Learned a level 2 spell: Poisonous Vapours
   681 | D:2      | Noticed Jessica
  1013 | D:3      | Reached XP level 3. HP: 19/19 MP: 1/7
  1083 | D:3      | Learned a level 3 spell: Mephitic Cloud
  1095 | D:3      | Reached skill level 1 in Air Magic
  1477 | D:3      | Found a bloodstained altar of Trog.
  1672 | D:4      | Noticed Robin
  1758 | D:3      | You fall into a shaft and drop 1 floor!
  1761 | D:5      | Entered Level 5 of the Dungeon
  1761 | D:5      | Noticed a phantom
  1772 | D:4      | Reached skill level 1 in Conjurations
  1858 | D:4      | Found an iron altar of Okawaru.
  2221 | D:4      | Noticed Duvessa
  2221 | D:4      | Noticed Dowan
  2271 | D:4      | Killed Dowan
  2272 | D:4      | Reached skill level 2 in Conjurations
  2272 | D:4      | Reached skill level 4 in Poison Magic
  2272 | D:4      | Reached skill level 1 in Evocations
  2272 | D:4      | Reached XP level 4. HP: 24/24 MP: 0/8
  2355 | D:4      | Found Turu's Vocational Training.
  2414 | D:4      | Killed Robin
  2425 | D:4      | Reached XP level 5. HP: 28/28 MP: 1/9
  2617 | D:4      | Reached skill level 2 in Evocations
  3078 | D:5      | Reached skill level 1 in Fighting
  3078 | D:5      | Reached skill level 5 in Poison Magic
  3120 | D:5      | Reached XP level 6. HP: 34/34 MP: 0/10
  3362 | D:5      | Noticed a steam dragon
  3728 | D:6      | Reached skill level 3 in Dodging
  3825 | D:6      | Noticed a sky beast
  3836 | D:6      | Killed a sky beast
  3837 | D:6      | Reached skill level 3 in Spellcasting
  3923 | D:6      | Noticed a water moccasin
  3971 | D:6      | Gained mutation: Your magical flight helps you evade
                  | attacks. (EV +4) [Tengu growth]
  3971 | D:6      | Reached XP level 7. HP: 18/38 MP: 6/12
  3975 | D:6      | Reached skill level 4 in Dodging
  3982 | D:6      | Reached skill level 6 in Poison Magic
  3987 | D:6      | Noticed Blork the orc
  3989 | D:6      | Killed Blork the orc
  3990 | D:6      | Reached skill level 5 in Dodging
  3991 | D:6      | Reached skill level 7 in Poison Magic
  3991 | D:6      | Reached XP level 8. HP: 22/43 MP: 1/13
  4209 | D:6      | Found a staircase to the Ecumenical Temple.
  4279 | Temple   | Found a transporter.
  4279 | Temple   | Found a transporter.
  4279 | Temple   | Found a transporter.
  4279 | Temple   | Found a transporter.
  4279 | Temple   | Entered the Ecumenical Temple
  4299 | Temple   | Became a worshipper of Vehumet
  4370 | D:6      | Reached skill level 2 in Fighting
  4561 | D:6      | Learned a level 4 spell: Olgreb's Toxic Radiance
  4814 | D:6      | Reached skill level 3 in Fighting
  4892 | D:6      | Found a broken altar of Ashenzari.
  4896 | D:6      | Saw a vision of the Swamp and the Snake Pit.
  4896 | D:6      | Noticed an alligator
  4896 | D:6      | Noticed a naga mage
  4896 | D:6      | Noticed a black mamba
  4896 | D:6      | Noticed a goliath frog
  4896 | D:6      | Noticed an anaconda
  4896 | D:6      | Noticed an alligator
  4897 | D:6      | Noticed a ghost crab
  4898 | D:6      | Noticed a will-o-the-wisp
  5060 | D:6      | Reached skill level 4 in Fighting
  5343 | D:6      | Reached skill level 5 in Fighting
  5515 | D:7      | Noticed a wyvern
  5518 | D:7      | Noticed Menkaure
  5525 | D:7      | Killed a wyvern
  5526 | D:7      | Reached skill level 4 in Spellcasting
  5643 | D:7      | Noticed a +0 falchion
  5643 | D:7      | Noticed a +0 falchion
  5644 | D:7      | Noticed a +0 dagger
  5644 | D:7      | Noticed a +0 short sword
  5644 | D:7      | Noticed a +0 short sword
  5644 | D:7      | Noticed a +0 spear
  5647 | D:7      | Noticed a +0 dagger
  5649 | D:7      | Noticed a +0 spear
  5758 | D:7      | Found a sparkling altar of Nemelex Xobeh.
  5766 | D:7      | Reached skill level 5 in Spellcasting
  5766 | D:7      | Reached XP level 9. HP: 54/54 MP: 15/17
  5786 | D:7      | Identified the +7 whip of Mandamus {flame, rC++ Int+5}
  5811 | D:7      | Killed Menkaure
  5812 | D:7      | Reached skill level 2 in Air Magic
  5824 | D:7      | Reached skill level 3 in Conjurations
  5883 | D:7      | Reached skill level 3 in Stealth
  5920 | D:7      | Reached skill level 4 in Conjurations
  5927 | D:7      | Reached skill level 4 in Stealth
  6035 | D:7      | Found a hide-covered altar of Uskayaw.
  6045 | D:7      | Reached skill level 8 in Poison Magic
  6083 | D:7      | Reached * piety under Vehumet
  6083 | D:7      | Offered knowledge of Kiss of Death by Vehumet.
  6106 | D:7      | Reached skill level 5 in Stealth
  6433 | D:7      | Found a glowing silver altar of Zin.
  6438 | D:7      | Found a glowing golden altar of the Shining One.
  6626 | D:8      | Reached skill level 9 in Poison Magic
  6942 | D:8      | Reached skill level 1 in Armour
  7024 | D:8      | Reached XP level 10. HP: 52/59 MP: 10/18
  7165 | D:8      | Noticed a white ugly thing
  7219 | D:8      | Killed a white ugly thing
  7423 | D:8      | Noticed a cyan ugly thing
  7433 | D:8      | Noticed a four-headed hydra
  7453 | D:8      | Killed a cyan ugly thing
  7453 | D:8      | Killed a four-headed hydra
  7454 | D:8      | Reached skill level 6 in Fighting
  7454 | D:8      | Reached skill level 6 in Dodging
  7454 | D:8      | Reached skill level 6 in Spellcasting
  7462 | D:8      | Offered knowledge of Static Discharge by Vehumet.
  7464 | D:8      | HP: 2/60 [efreet/fireball (30)]
  7464 | D:8      | Slain by an efreet

Vanquished Creatures
  A hydra (D:8)
  2 ugly things (D:8)
  2 wyverns (D:7)
  A wraith (D:8)
  3 yaks (D:7)
  A steam dragon (D:8)
  Menkaure (D:7)
  2 water moccasins
  An ice beast (D:7)
  3 sky beasts (D:6)
  An orc warrior (D:8)
  A centaur (D:8)
  3 kobold brigands
  Blork the orc (D:6)
  4 bullfrogs
  3 scorpions
  A gnoll sergeant (D:8)
  11 killer bees
  Dowan (D:4)
  3 jellies
  5 orc priests
  A hound (D:6)
  4 iguanas
  3 orc wizards
  Robin (D:4)
  2 gnolls (D:8)
  3 adders
  A white imp (D:6)
  A worm (D:2)
  22 orcs
  3 bats
  6 endoplasms
  A giant cockroach (D:2)
  9 goblins
  11 hobgoblins
  2 quokkas
  4 ball pythons
  A frilled lizard (D:2)
  19 kobolds
  A rat (D:3)
146 creatures vanquished.

Table legend: (Time is in decaauts)
 A = Elapsed time spent in this place.
 B = Non-inter-level travel time spent in this place.
 C = Inter-level travel time spent in this place.
 D = Time resting spent in this place.
 E = Time spent auto-exploring this place.
 F = Levels seen in this place.
 G = Mean time per level.
                   A        B        C        D        E       F      G
               +--------+--------+--------+--------+--------+-----+--------+
         Total |   7462 |   7151 |    311 |   1206 |   4305 |   9 |  829.1 |
       Dungeon |   7415 |   7114 |    301 |   1206 |   4305 |   8 |  926.9 |
        Temple |     46 |     36 |     10 |      0 |      0 |   1 |   46.0 |
               +--------+--------+--------+--------+--------+-----+--------+

Top non-repeatable levels by time:
     D:6: 1931 daAuts
     D:4: 1205 daAuts
     D:3: 1198 daAuts
     D:8: 941 daAuts
     D:7: 861 daAuts
     D:2: 721 daAuts
     D:5: 505 daAuts
     D:1: 50 daAuts
  Temple: 46 daAuts

Table legend:
 A = Non-vault XP
 B = Vault XP
 C = Vault XP percentage of total XP
 D = Non-vault monster count
 E = Vault monster count
 F = Vault count percentage of total count
                 A         B        C        D         E       F
            +---------+---------+-------+---------+---------+-------
      Total |    4315 |    2948 |  40.6 |     117 |      29 |  19.9
            +---------+---------+-------+---------+---------+-------
        D:1 |       3 |       0 |   0.0 |       2 |       0 |   0.0
        D:2 |      22 |       4 |  15.4 |      11 |       2 |  15.4
        D:3 |      18 |       0 |   0.0 |      11 |       0 |   0.0
        D:4 |     127 |     100 |  44.1 |      14 |      14 |  50.0
        D:5 |      98 |       0 |   0.0 |       7 |       0 |   0.0
        D:6 |    1298 |      94 |   6.8 |      23 |       1 |   4.2
        D:7 |    2186 |     165 |   7.0 |      31 |       1 |   3.1
        D:8 |     563 |    2585 |  82.1 |      18 |      11 |  37.9
            +---------+---------+-------+---------+---------+-------

Levels and vault maps discovered:
D:1:      amcnicky_arrival_choice, layout_rooms,
          hellmonk_ecumenical_altar_arch_garden
D:2:      layout_basic, basic_altar, minmay_increasing_density,
          uniq_crazy_yiuf_cottage, uniq_jessica
D:3:      layout_basic, lemuel_doored_altar
D:4:      dreamdust_elfheim, layout_cave_pools, okawaru_trees_2,
          nicolae_shop_vocational, uniq_robin
D:5:      kennysheep_steamy, layout_basic
D:6:      layout_loops_ring, grunt_ashenzari_visionary
          [grunt_ashenzari_visionary_swamp, grunt_ashenzari_visionary_snake],
          minmay_temple_entry_poolview, uniq_blork_the_orc
D:7:      layout_cave_pools, nemelex_xobeh_ov_fountains_minmay,
          grunt_temple_overflow_open, nicolae_uskayaw_en_pointe, uniq_menkaure
D:8:      minmay_the_grid_octo_triangle [minmay_the_grid_octo_pinwheel,
          minmay_the_grid_octo_prize_big_c, minmay_the_grid_octo_fat_diamond],
          layout_loops_ring, mainiacjoe_overflow_small_starburst
Temple:   hellmonk_temple_divided_pantheon
